Cogmind - Beta 14 @@@ ROGUE MODE // 2025.03.06 @ 13:39:38 Player: ywiktor Result: Destroyed by S-43 Plague with Heavy Machine Gun Performance ------------- Evolutions (9) 4500 Regions Visited (19) 3800 Robots Destroyed (120) 600 Value Destroyed (4901) 4901 Prototype IDs (32) 640 Alien Tech Used (1) 200 Bonus (1300) 1300 TOTAL SCORE: 15941 Bonus ------- Met Zhirov 300 Met Warlord at Base 500 MAIN.C Attacked Warlord 500 Cogmind --------- Core Integrity 0/1600 Matter 282/300 Energy 95/100 System Corruption 10% Temperature Cool (0) Movement Core (100) Ox1 Location -1/Command Parts ------- > --- POWER (2) -------- (None) > --- PROPULSION (4) --- (None) > --- UTILITY (16) ----- Advanced Visual Processing Unit Advanced Signal Interpreter Improved Melee Analysis Suite System Shield > --- WEAPON (3) ------- Enhanced Quantum Rifle > --- INVENTORY (5) ---- Light Ion Engine Impulse Thruster Q-thruster Transdimensional Reconstructor Enhanced Force Lance Peak State ------------ > --- POWER ------------ Micro Fission Core Micro Fission Core > --- PROPULSION ------- Field Propulsion Array Q-thruster Experimental Q-thruster > --- UTILITY ---------- Experimental Power Amplifier Advanced Visual Processing Unit Advanced Sensor Array Advanced Signal Interpreter Improved Melee Analysis Suite Transmission Jammer Advanced Shield Generator Hacking Suite Hacking Suite Makeshift Hacking Suite Improved Hacking Suite System Shield Improved System Shield Advanced System Shield Advanced Corruption Screen > --- WEAPON ----------- Lance Enhanced Force Lance > --- INVENTORY -------- Light Ion Engine Xenon Bombardment Thruster Field Propulsion Drive Impulse Thruster Transdimensional Reconstructor [Rating: 134] Favorites ----------- Power Light Angular Momentum Engine Engine Light Angular Momentum Engine Power Core Light Nuclear Core Reactor Heavy Antimatter Reactor Propulsion Armored Leg Treads Medium Treads Leg Armored Leg Hover Unit Backup Propulsion III Flight Unit Xenon Bombardment Thruster Utility High-capacity Storage Unit Device Improved Cooling System Storage High-capacity Storage Unit Processor Advanced Visual Processing Unit Hackware Makeshift Hacking Suite Protection Hardened Heavy Armor Plating Weapon Minigun Energy Gun Variable Charge Gun Ballistic Gun Minigun Ballistic Cannon Magnetic Acceleration Cannon Launcher Scatter Rocket Array Impact Weapon Makeshift Hammer Slashing Weapon Makeshift Sword Piercing Weapon Lance Build | -11 -10 -10 -8 -7 -6 -5 -5 -5 -5 -4 -4 -4 -4 -4 -3 -3 -2 -1 -1 ------- Run | Yrd Mat Sub Mat Fac Fac Fac Upp Upp Zhi Pro Fac Upp Upp War Pro Res Res Acc Com Slots Evolved 18 | . . . 4 2 2 2 . . . . 2 . . . . 2 2 2 . Power 1 | . . . . . . . . . . . 1 . . . . . . . . Propulsion 2 | . . . 2 . . . . . . . . . . . . . . . . Utility 14 | . . . 2 1 2 2 . . . . 1 . . . . 2 2 2 . Weapon 1 | . . . . 1 . . . . . . . . . . . . . . . Parts Attached 193 | 5 14 6 25 12 19 1 15 4 9 5 14 5 3 6 8 16 21 4 1 Power 15 | 1 2 1 2 . 1 . 2 . 2 . 1 . . . . 1 2 . . Engine 8 | 1 2 1 1 . . . 1 . 1 . . . . . . . 1 . . Core 6 | . . . 1 . 1 . 1 . . . 1 . . . . 1 1 . . Reactor 1 | . . . . . . . . . 1 . . . . . . . . . . Propulsion 52 | 1 4 1 7 3 7 . 5 . 3 . 5 . 2 1 2 5 5 1 . Treads 7 | . . . 4 2 1 . . . . . . . . . . . . . . Leg 31 | 1 4 1 3 . 6 . 5 . 3 . 5 . 2 1 . . . . . Wheel . | . . . . . . . . . . . . . . . . . . . . Hover 3 | . . . . 1 . . . . . . . . . . 2 . . . . Flight 11 | . . . . . . . . . . . . . . . . 5 5 1 . Utility 73 | 1 4 . 9 6 5 1 6 2 4 4 5 3 1 3 1 3 12 3 . Device 29 | . . . 4 1 1 . 2 1 3 2 3 3 1 2 . 1 4 1 . Storage 6 | 1 2 . . 1 . . 1 . 1 . . . . . . . . . . Processor 13 | . . . 1 1 . 1 . 1 . 1 . . . 1 1 1 3 2 . Hackware 10 | . . . . . 1 . . . . 1 2 . . . . 1 5 . . Protection 15 | . 2 . 4 3 3 . 3 . . . . . . . . . . . . Artifact . | . . . . . . . . . . . . . . . . . . . . Weapon 53 | 2 4 4 7 3 6 . 2 2 . 1 3 2 . 2 5 7 2 . 1 Energy Gun 13 | 1 2 1 1 . 1 . 1 1 . 1 2 . . 1 . . . . 1 Energy Cannon . | . . . . . . . . . . . . . . . . . . . . Ballistic Gun 14 | 1 2 . 5 2 . . . . . . . . . . . 4 . . . Ballistic Cannon 10 | . . . 1 1 4 . . . . . . 2 . . 1 1 . . . Launcher 8 | . . 3 . . 1 . 1 . . . . . . 1 2 . . . . Special Weapon . | . . . . . . . . . . . . . . . . . . . . Impact Weapon 1 | . . . . . . . . . . . . . . . 1 . . . . Slashing Weapon 4 | . . . . . . . . 1 . . 1 . . . 1 1 . . . Piercing Weapon 3 | . . . . . . . . . . . . . . . . 1 2 . . Special Melee Weapon . | . . . . . . . . . . . . . . . . . . . . Unidentified Prototypes 14 | . . . 2 1 1 . . . 5 . . . . 1 . . 3 1 . Corrupted Parts 1 | . . . . . . . . . . . . . . . . 1 . . . System Corruption 2 | . . . . . . . . . . . . . . . . 2 . . . Parts Lost 86 | . 3 3 1 1 7 1 3 . . 7 2 . 16 10 3 7 3 19 . Power 10 | . 1 1 . . 1 . 1 . . . . . 2 2 . . . 2 . Propulsion 22 | . . . . 1 3 . . . . . . . 5 3 1 2 3 4 . Utility 37 | . . 1 1 . 2 1 2 . . 4 2 . 6 3 1 2 . 12 . Weapon 17 | . 2 1 . . 1 . . . . 3 . . 3 2 1 3 . 1 . Highest Loss Streak 15 | . 1 3 1 1 3 1 2 . . 3 2 . 15 10 3 5 1 9 . To Critical Strikes . | . . . . . . . . . . . . . . . . . . . . Average Slot Usage (%) 82 | . 95 98 96 98 89 78 52 81 86 82 87 94 77 54 31 38 77 70 16 Engine 4 | . 13 13 8 . . . 1 5 4 5 5 5 3 6 . . . . . Core 2 | . . . . 7 5 5 2 . . . 2 5 3 . . 1 4 5 . Treads 6 | . . . 27 29 6 . . . . . . . . . . . . . . Leg 14 | . 25 28 8 . 15 23 19 23 23 23 20 21 16 1 . . . . . Flight 1 | . . . . . . . . . . . . . . . . 11 16 10 . Device 8 | . . . 12 6 . . 2 15 15 22 17 15 11 7 4 1 9 7 . Storage 6 | . 14 14 9 7 6 5 4 5 5 5 5 5 4 . . . . . . Processor 7 | . . . . 13 13 11 3 4 5 8 10 10 10 13 13 7 12 15 12 Hackware 4 | . . . . . 6 5 1 . . . 13 15 13 9 5 4 22 23 4 Protection 6 | . 11 13 10 8 12 7 6 11 11 1 . . . . . . . . . Energy Gun 2 | . 10 . . . . 5 1 4 5 3 5 7 3 6 . . . . . Ballistic Gun 6 | . 17 . 16 15 4 . . . . . . . . . . 6 3 . . Ballistic Cannon 2 | . . . 1 6 13 11 3 . . . . 5 7 . 2 . . . . Launcher 2 | . . 26 . . . . 2 5 5 2 . . . . . . . . . Peak Build Rating 134 | 5 9 12 37 50 67 67 66 79 97 93 101 106 106 50 44 68 127 134 27 Average Rating 52 | 3 7 10 30 46 58 64 48 74 84 80 88 99 79 38 27 41 99 104 18 On Entrance 50 | . 5 8 9 37 42 67 64 62 79 93 73 93 106 16 20 24 68 125 18 Naked Turns 109 | . . . . . . . 109 . . . . . . . . . . . . Heaviest Build 112 | 14 20 21 49 67 90 88 105 109 112 112 80 91 86 10 24 25 28 28 . Greatest Support 112 | 10 20 20 112 112 84 52 68 64 106 106 106 106 106 16 12 26 29 29 3 Greatest Overweight (x) 4 | 4 1 1 1 . 3 1 2 1 2 1 2 . 2 3 3 3 1 3 . Average Overweight (x) . | . . . . . 1 1 . 1 . . . . . . . . . . . Largest Inventory Capacity 20 | 8 10 10 10 20 20 20 20 20 20 20 20 20 20 5 5 5 5 5 5 Average Capacity 13 | 6 9 10 10 15 20 20 18 20 20 20 20 20 17 5 5 5 5 5 5 Most Carried 20 | 7 10 10 10 20 20 20 20 20 20 20 20 20 20 5 5 5 5 5 5 Average Carried 12 | 5 8 9 9 14 18 19 16 18 19 18 18 19 16 4 4 3 4 4 5 Final Capacity 20 | 8 10 10 10 20 20 20 20 20 20 20 20 20 5 5 5 5 5 5 5 Final Carried 20 | 7 10 10 10 20 20 19 19 19 20 20 20 20 5 5 4 5 5 5 5 Class Distribution -------------------- 41% | Mutant 11% | Tank 9% | Derelict-Mutant 8% | Gunner 7% | Hacker-Mutant 6% | Scavenger-Mutant 3% | Hacker-Gunner Dominant Class ---------------- Mutant | -10/Materials Mutant | -10/Subcaves Mutant | -8/Materials Gunner | -7/Factory Tank | -6/Factory Mutant | -5/Factory Mutant | -5/Upper Caves Mutant | -5/Upper Caves Mutant | -5/Zhirov Derelict-Mutant | -4/Proximity Caves Hacker-Mutant | -4/Factory Hacker-Gunner | -4/Upper Caves Hacker-Gunner | -4/Upper Caves Hacker-Mutant | -4/Warlord Mutant | -3/Proximity Caves Scavenger-Sprinter | -3/Research Wizard-Sprinter | -2/Research Wizard-Ninja | -1/Access Mutant | -1/Command Resources | -11 -10 -10 -8 -7 -6 -5 -5 -5 -5 -4 -4 -4 -4 -4 -3 -3 -2 -1 -1 ----------- Run | Yrd Mat Sub Mat Fac Fac Fac Upp Upp Zhi Pro Fac Upp Upp War Pro Res Res Acc Com Matter Collected 4958 | 250 306 199 754 460 569 . 433 404 . 302 184 362 142 . 119 206 238 30 . Remotely . | . . . . . . . . . . . . . . . . . . . . Salvage Created 4245 | . 627 133 687 511 259 . 261 179 . 366 184 285 157 . 130 183 106 177 . Parts 199 | . 36 9 36 26 12 . 4 8 . 9 5 3 9 . 3 10 9 20 . Haulers Intercepted . | . . . . . . . . . . . . . . . . . . . . Recyclers Shooed 4 | . . . 1 2 . . . . . . . . . . . 1 . . . Parts Field Recycled . | . . . . . . . . . . . . . . . . . . . . Retrieved Matter . | . . . . . . . . . . . . . . . . . . . . Parts Self-Destructed 21 | . . 2 . . . . 3 2 . 5 . . 9 . . . . . . Prevented 6 | . . . . . . . 6 . . . . . . . . . . . . Kills | -11 -10 -10 -8 -7 -6 -5 -5 -5 -5 -4 -4 -4 -4 -4 -3 -3 -2 -1 -1 ------- Run | Yrd Mat Sub Mat Fac Fac Fac Upp Upp Zhi Pro Fac Upp Upp War Pro Res Res Acc Com Combat Hostiles Destroyed 108 | . 16 6 17 13 8 . 8 6 . 15 1 1 7 . 3 5 . 2 . Melee 4 | . . . . . . . . . . . . . . . . 2 . 2 . Guns 49 | . 16 1 17 7 . . . 1 . 3 1 . 2 . . 1 . . . Cannons 23 | . . . . 6 8 . 1 . . . . 1 5 . 1 1 . . . AOE 31 | . . 5 . . . . 7 5 . 12 . . . . 2 . . . . Classes Destroyed 16 | . 4 1 3 2 . . 3 1 . . 1 . . . 1 . . . . Tunneler 3 | . . . 1 . . . . . . . . . . . . . . 2 . Recycler 1 | . . . . . . . . . . . 1 . . . . . . . . Operator 5 | . 2 . 1 . . . . . . . . . . . . . 2 . . Drone 2 | . . . . . . . . . . . . . . . 2 . . . . Watcher 3 | . 1 . . . . . . . . . . . . . . 1 1 . . Swarmer 31 | . 3 . 7 1 2 . . 2 . 4 . . 6 . 1 5 . . . Grunt 30 | . 13 . 2 5 . . 1 2 . 7 . . . . . . . . . Brawler 1 | . . . . . . . . . . 1 . . . . . . . . . Duelist 5 | . . . 1 1 . . . 1 . 1 . . 1 . . . . . . Sentry 17 | . . . 7 3 3 . . 1 . 1 1 1 . . . . . . . Hunter 4 | . . . . 2 2 . . . . . . . . . . . . . . Programmer 5 | . . . . 1 1 . . . . 1 . . . . . . . 2 . Subdweller 6 | . . 6 . . . . . . . . . . . . . . . . . Decomposer 2 | . . . . . . . 1 . . . . 1 . . . . . . . Packrat 5 | . . . . . . . . . . . . 3 . . 2 . . . . Samaritan 2 | . . . . . . . . 2 . . . . . . . . . . . Thug 5 | . . . . . . . 5 . . . . . . . . . . . . Savage 1 | . . . . . . . 1 . . . . . . . . . . . . Mutant 1 | . . . . . . . 1 . . . . . . . . . . . . Best Kill Streak 7 | . 4 2 5 5 2 . 7 3 . 4 1 1 4 . 2 4 1 2 . Combat Bots Only 7 | . 3 2 5 5 2 . 7 3 . 4 1 1 4 . 2 4 . 2 . Max Kills in Single Turn 4 | . 2 1 1 1 1 . 3 2 . 4 1 1 2 . 1 1 1 1 . Gunslinging 1 | . 1 . . . . . . . . . . . . . . . . . . Exploded 4 | . . 1 . . . . 3 2 . 4 . . . . 1 . . . . Melee 1 | . . . . . . . . . . . . . . . . 1 . 1 . Uniques/NPCs Destroyed . | . . . . . . . . . . . . . . . . . . . . Combat | -11 -10 -10 -8 -7 -6 -5 -5 -5 -5 -4 -4 -4 -4 -4 -3 -3 -2 -1 -1 -------- Run | Yrd Mat Sub Mat Fac Fac Fac Upp Upp Zhi Pro Fac Upp Upp War Pro Res Res Acc Com Hostile Shots Fired 1298 | . 79 13 85 179 151 53 61 17 . 101 9 8 177 32 23 68 11 197 34 Missed 469 | . 21 4 18 71 48 17 19 4 . 36 4 4 67 8 9 16 7 102 14 Damage Taken 14052 | . 732 286 696 1271 1355 295 833 280 . 1413 119 94 2067 605 336 1161 114 1942 453 Core 3946 | . 96 25 58 159 144 92 170 . . 173 . . 592 128 94 582 20 1160 453 Absorbed by Shields 425 | . . . 148 . . . . . . 98 . . . . . 35 39 105 . Redirected to Shielding 66 | . 21 . 45 . . . . . . . . . . . . . . . . Ignored by Resistances 184 | . . . . . 184 . . . . . . . . . . . . . . Regen/Repaired (Parts) 21 | . . . . . . . . . . . . . . 21 . . . . . Core Remaining (%) 70 | 100 . 51 89 77 83 . . . . 56 . . . . 29 55 98 . . Volleys Fired 292 | . 68 11 46 47 26 . 7 8 . 20 3 19 13 . 11 12 1 . . Largest 3 | . 2 2 2 3 3 . 3 1 . 1 2 3 3 . 1 3 1 . . Hottest 225 | . 105 60 85 101 191 . 191 225 . 225 173 194 194 . 65 95 30 . . Shots Fired 579 | . 135 18 90 123 72 . 15 8 . 20 6 24 37 . 11 19 1 . . Gun 383 | . 135 2 89 77 19 . 4 2 . 8 6 16 12 . . 12 1 . . Cannon 154 | . . . . 46 53 . 8 . . . . 8 25 . 7 7 . . . Launcher 42 | . . 16 1 . . . 3 6 . 12 . . . . 4 . . . . Special . | . . . . . . . . . . . . . . . . . . . . Kinetic 412 | . 70 . 83 123 68 . 8 . . . . 8 25 . 7 19 1 . . Thermal 114 | . 65 . . . 4 . 4 2 . 5 6 16 12 . . . . . . Explosive 38 | . . 16 1 . . . 3 6 . 12 . . . . . . . . . Electromagnetic 11 | . . 2 6 . . . . . . 3 . . . . . . . . . Entropic 4 | . . . . . . . . . . . . . . . 4 . . . . Robot Hit Streak 36 | . 36 5 12 24 5 . 3 2 . 5 10 18 8 . 11 4 . . . Robot Miss Streak 26 | . 4 1 5 4 5 . 7 . . 26 . 1 5 . 1 2 1 . . Penetration Max 1 | . . . . 1 1 . . . . . . . . . . . . . . Secondary Targets 4 | . 1 . 3 . . . . . . . . . . . . . . . . Max Gunslinging Chain 1 | . 1 . 1 . . . . . . . . . . . . . . . . Shots Hit Robots 402 | . 96 12 58 82 40 . 10 5 . 14 6 20 22 . 8 19 5 5 . Core Hits 306 | . 37 11 27 29 18 . 36 28 . 80 4 10 8 . 5 8 2 3 . Critical Kills 2 | . 1 . 1 . . . . . . . . . . . . . . . . Critical Parts Destroyed 1 | . . . 1 . . . . . . . . . . . . . . . . Critical Strikes 17 | . 3 . 2 2 6 . . . . . . . 2 . . 1 1 . . Burn 3 | . 2 . . . 1 . . . . . . . . . . . . . . Destroy 3 | . 1 . 2 . . . . . . . . . . . . . . . . Blast 9 | . . . . 2 5 . . . . . . . 2 . . . . . . Sever 1 | . . . . . . . . . . . . . . . . 1 . . . Impale 1 | . . . . . . . . . . . . . . . . . 1 . . Melee Attacks 83 | . . . . . . . . 3 . . 2 . . . 1 20 13 44 . Impact . | . . . . . . . . . . . . . . . . . . . . Slashing 18 | . . . . . . . . 3 . . 2 . . . 1 12 . . . Piercing 65 | . . . . . . . . . . . . . . . . 8 13 44 . Sneak Attacks 12 | . . . . . . . . 3 . . 1 . . . 1 3 2 2 . Combat Hostiles . | . . . . . . . . . . . . . . . . . . . . Follow-up Attacks . | . . . . . . . . . . . . . . . . . . . . Damage Inflicted 13796 | . 1159 569 1104 1758 1024 . 1208 988 . 2354 195 568 723 . 604 769 437 336 . Guns 4417 | . 1155 43 1013 917 183 . 36 80 . 158 118 393 207 . . 114 . . . Cannons 2866 | . . . . 841 820 . 145 . . . . 175 516 . 224 145 . . . Explosions 4840 | . . 526 90 . . . 1027 688 . 2196 . . . . 313 . . . . Melee 1633 | . . . . . . . . 220 . . 77 . . . 67 496 437 336 . Ramming 40 | . 4 . 1 . 21 . . . . . . . . . . 14 . . . Kinetic 5563 | . 590 . 911 1758 985 . 145 . . . . 175 516 . 224 259 . . . Thermal 1543 | . 565 . . . 18 . 36 80 . 126 118 393 207 . . . . . . Explosive 4527 | . . 526 90 . . . 1027 688 . 2196 . . . . . . . . . Electromagnetic 177 | . . 43 102 . . . . . . 32 . . . . . . . . . Impact . | . . . . . . . . . . . . . . . . . . . . Slashing 679 | . . . . . . . . 220 . . 77 . . . 67 315 . . . Piercing 954 | . . . . . . . . . . . . . . . . 181 437 336 . Entropic 313 | . . . . . . . . . . . . . . . 313 . . . . Highest Corruption 10 | . . . 1 1 . . . . . . 1 1 1 1 . 3 . 8 10 Average Corruption 1 | . . . 1 1 . . . . . . 1 1 1 1 . 2 . 7 9 Corruption Purged . | . . . . . . . . . . . . . . . . . . . . Corruption Blocked 3 | . . . . . . . . . . . . . . . . . . 3 . Effects 30 | . . . 7 4 . . . . . . . 4 1 1 . 6 . 3 4 Message Errors 14 | . . . 4 3 . . . . . . . 1 . . . 2 . 3 1 Matter Fused 4 | . . . . . . . . . . . . 2 1 . . . . . 1 Heat Flow Errors 5 | . . . 1 . . . . . . . . 1 . 1 . 1 . . 1 Energy Discharges 1 | . . . . . . . . . . . . . . . . . . . 1 Data Loss (minor) 3 | . . . 1 1 . . . . . . . . . . . 1 . . . Data Loss (major) 1 | . . . . . . . . . . . . . . . . 1 . . . Misfires 1 | . . . . . . . . . . . . . . . . 1 . . . Alerts 1 | . . . 1 . . . . . . . . . . . . . . . . Overload Shots 3 | . . . . . . . . 2 . 1 . . . . . . . . . Overflow Damage 574 | . . 8 31 . 23 . 7 8 . . . . 20 . 186 86 141 64 . Projectiles 122 | . . . . . 23 . . . . . . . 20 . 67 12 . . . Explosions 108 | . . 8 31 . . . 7 . . . . . . . 62 . . . . Melee 344 | . . . . . . . . 8 . . . . . . 57 74 141 64 . Knockbacks 25 | . . . . 4 4 . 2 . . . . . 8 . 4 3 . . . Impact . | . . . . . . . . . . . . . . . . . . . . Kinetic 24 | . . . . 4 4 . 2 . . . . . 8 . 4 2 . . . Secondary 1 | . . . . . . . . . . . . . . . . 1 . . . Self-Inflicted Damage 483 | . . 67 . . . . 17 21 . 371 . . . . . 7 . . . Shots 20 | . . 2 . . . . 1 1 . 16 . . . . . . . . . Rammed 2 | . . . 1 . . . . . . . . . . . . 1 . . . Targets Rammed 4 | . 1 . 1 . 1 . . . . . . . . . . 1 . . . Kicked 2 | . 1 . . . 1 . . . . . . . . . . . . . . Crushed . | . . . . . . . . . . . . . . . . . . . . Highest Temperature 711 | . 247 224 181 440 522 . 711 361 . 130 72 127 341 220 . 208 6 . 79 Average Temperature 103 | . 50 106 31 122 152 . 342 158 . 81 41 53 99 112 . 50 6 . 53 Received Heat Transfer 2329 | . 462 301 135 279 126 12 349 63 . 138 9 18 287 . 27 18 6 99 . Effects 16 | . . . . 2 5 . 8 . . . . . 1 . . . . . . Shutdowns 4 | . . . . 1 1 . 1 . . . . . 1 . . . . . . Energy Bleed 1 | . . . . . . . 1 . . . . . . . . . . . . Interference 2 | . . . . . . . 2 . . . . . . . . . . . . Short Circuit 4 | . . . . 1 3 . . . . . . . . . . . . . . Damage (minor) 1 | . . . . . 1 . . . . . . . . . . . . . . Damage (major) 4 | . . . . . . . 4 . . . . . . . . . . . . Siege Activations . | . . . . . . . . . . . . . . . . . . . . Robots Corrupted 1 | . . . . . . . . . . . . . . . . 1 . . . Combat Hostiles 1 | . . . . . . . . . . . . . . . . 1 . . . Parts Fried 1 | . . . . . . . . . . . . . . . . 1 . . . Impact Corruptions 1 | . . . . . . . . . . . . . . . . 1 . . . Robots Melted . | . . . . . . . . . . . . . . . . . . . . Combat Hostiles . | . . . . . . . . . . . . . . . . . . . . Parts Melted 3 | . 2 . . . 1 . . . . . . . . . . . . . . Heat Transferred 3172 | . 1586 . . . 150 . 100 100 . 161 224 555 296 . . . . . . Parts Sabotaged . | . . . . . . . . . . . . . . . . . . . . Parts Stolen . | . . . . . . . . . . . . . . . . . . . . Parts Stripped . | . . . . . . . . . . . . . . . . . . . . Power Chain Reactions . | . . . . . . . . . . . . . . . . . . . . Alert | -11 -10 -10 -8 -7 -6 -5 -5 -5 -5 -4 -4 -4 -4 -4 -3 -3 -2 -1 -1 ------- Run | Yrd Mat Sub Mat Fac Fac Fac Upp Upp Zhi Pro Fac Upp Upp War Pro Res Res Acc Com Peak Influence 467 | . 256 . 235 172 160 43 . . . . 66 . . . . 121 258 467 382 Initial 292 | . . . . 80 78 28 . . . . 12 . . . . . 51 73 292 Average 90 | . 104 . 113 57 46 36 . . . . 22 . . . . 50 123 185 320 Maximum Alert Level 2 | . 1 . 1 . . . . . . . . . . . . . 1 2 1 Low Security (%) 88 | 100 81 . 87 100 100 100 . . . . 100 . . . . 100 77 54 . Level 1 11 | . 18 . 12 . . . . . . . . . . . . . 22 42 100 Level 2 . | . . . . . . . . . . . . . . . . . . 2 . Level 3 . | . . . . . . . . . . . . . . . . . . . . Level 4 . | . . . . . . . . . . . . . . . . . . . . Level 5 . | . . . . . . . . . . . . . . . . . . . . High Security . | . . . . . . . . . . . . . . . . . . . . Max Security . | . . . . . . . . . . . . . . . . . . . . Squads Dispatched 17 | . 3 . . 3 2 . . . . . 1 . 1 . . . 1 4 2 Investigation 2 | . 1 . . . . . . . . . . . . . . . . . 1 Extermination 6 | . . . . 1 2 . . . . . 1 . . . . . . 2 . Reinforcement 7 | . 2 . . 1 . . . . . . . . . . . . 1 2 1 Assault 1 | . . . . . . . . . . . . . 1 . . . . . . Garrison 1 | . . . . 1 . . . . . . . . . . . . . . . Intercept . | . . . . . . . . . . . . . . . . . . . . Searches Triggered . | . . . . . . . . . . . . . . . . . . . . Construction Impeded 1 | . . . . 1 . . . . . . . . . . . . . . . Haulers Reinforced . | . . . . . . . . . . . . . . . . . . . . Active Scanning Responses . | . . . . . . . . . . . . . . . . . . . . Cargo Convoy Interrupts . | . . . . . . . . . . . . . . . . . . . . Stealth | -11 -10 -10 -8 -7 -6 -5 -5 -5 -5 -4 -4 -4 -4 -4 -3 -3 -2 -1 -1 --------- Run | Yrd Mat Sub Mat Fac Fac Fac Upp Upp Zhi Pro Fac Upp Upp War Pro Res Res Acc Com Distress Signals 18 | . 5 . 3 . 1 . . . . . . . . 1 . . 6 2 . Communications Jammed 8 | . . . . . . . . . . . . . . . 2 . 2 4 . Distress Signals 6 | . . . . . . . . . . . . . . . . . 2 4 . Times Spotted 285 | . 42 6 37 13 20 1 16 5 . 19 3 3 21 9 5 13 16 46 10 Peak Tracking Total 24 | . 4 1 6 3 3 1 7 3 . 4 2 3 12 7 3 6 6 24 8 Tactical Retreats 33 | . 2 . 2 . 1 . 2 . . 4 . . 4 1 . 2 5 9 1 Traps | -11 -10 -10 -8 -7 -6 -5 -5 -5 -5 -4 -4 -4 -4 -4 -3 -3 -2 -1 -1 ------- Run | Yrd Mat Sub Mat Fac Fac Fac Upp Upp Zhi Pro Fac Upp Upp War Pro Res Res Acc Com Traps Triggered 7 | . 1 . 1 1 . . . . . . 2 . . . . . . 2 . Indirectly . | . . . . . . . . . . . . . . . . . . . . Trap Hack Attempts . | . . . . . . . . . . . . . . . . . . . . Triggered . | . . . . . . . . . . . . . . . . . . . . Disarmed . | . . . . . . . . . . . . . . . . . . . . Reprogrammed . | . . . . . . . . . . . . . . . . . . . . Reused . | . . . . . . . . . . . . . . . . . . . . Traps Extracted . | . . . . . . . . . . . . . . . . . . . . Installed . | . . . . . . . . . . . . . . . . . . . . Triggered 8 | . . . . . . . 3 . . . . . . 5 . . . . . Machines | -11 -10 -10 -8 -7 -6 -5 -5 -5 -5 -4 -4 -4 -4 -4 -3 -3 -2 -1 -1 ---------- Run | Yrd Mat Sub Mat Fac Fac Fac Upp Upp Zhi Pro Fac Upp Upp War Pro Res Res Acc Com Machines Disabled 2 | . . . . . 1 . . . . . . . . . . 1 . . . Max in Single Turn 1 | . . . . . 1 . . . . . . . . . . 1 . . . Machines Repaired . | . . . . . . . . . . . . . . . . . . . . Machines Dismantled . | . . . . . . . . . . . . . . . . . . . . Machines Sabotaged . | . . . . . . . . . . . . . . . . . . . . Overloaded Fab Kills . | . . . . . . . . . . . . . . . . . . . . Hacking | -11 -10 -10 -8 -7 -6 -5 -5 -5 -5 -4 -4 -4 -4 -4 -3 -3 -2 -1 -1 --------- Run | Yrd Mat Sub Mat Fac Fac Fac Upp Upp Zhi Pro Fac Upp Upp War Pro Res Res Acc Com Machines Accessed 49 | . 6 . 9 2 4 . . . 9 . . . . 6 . 2 2 6 3 Terminals 25 | . 3 . 7 2 2 . . . . . . . . . . 1 2 5 3 Fabricators . | . . . . . . . . . . . . . . . . . . . . Repair Stations 1 | . 1 . . . . . . . . . . . . . . . . . . Recycling Units 3 | . 2 . 1 . . . . . . . . . . . . . . . . Scanalyzers 3 | . . . 1 . 2 . . . . . . . . . . . . . . Garrison Access 2 | . . . . . . . . . . . . . . . . 1 . 1 . Total Hacks 132 | . 13 . 24 2 9 . . . 48 . . . . 16 . 2 3 12 3 Successful 94 | . 4 . 11 . 7 . . . 48 . . . . 16 . . 1 6 1 Failed 38 | . 9 . 13 2 2 . . . . . . . . . . 2 2 6 2 Catastrophic 14 | . 2 . 3 1 2 . . . . . . . . . . 2 1 2 1 Database Lockouts . | . . . . . . . . . . . . . . . . . . . . Manual 45 | . 13 . 14 2 2 . . . . . . . . . . 2 3 7 2 Terminals 49 | . 8 . 19 2 2 . . . . . . . . . . 1 3 11 3 Fabricators . | . . . . . . . . . . . . . . . . . . . . Repair Stations 1 | . 1 . . . . . . . . . . . . . . . . . . Recycling Units 7 | . 4 . 3 . . . . . . . . . . . . . . . . Scanalyzers 9 | . . . 2 . 7 . . . . . . . . . . . . . . Garrison Access 2 | . . . . . . . . . . . . . . . . 1 . 1 . Terminal Hacks 77 | . 2 . 6 . . . . . 48 . . . . 16 . . . 5 . Record 46 | . . . . . . . . . 36 . . . . 10 . . . . . Part Schematic 5 | . 1 . . . . . . . 4 . . . . . . . . . . Robot Analysis 7 | . 1 . 2 . . . . . 4 . . . . . . . . . . Prototype ID Bank 8 | . . . . . . . . . 4 . . . . 4 . . . . . Open Door 5 | . . . . . . . . . . . . . . 2 . . . 3 . Branch Access Points 1 | . . . 1 . . . . . . . . . . . . . . . . Scanalyzer Index 1 | . . . 1 . . . . . . . . . . . . . . . . Alert Level 1 | . . . . . . . . . . . . . . . . . . 1 . Unreport Threat 1 | . . . . . . . . . . . . . . . . . . 1 . Surveillance Status 1 | . . . 1 . . . . . . . . . . . . . . . . Registered Components 1 | . . . 1 . . . . . . . . . . . . . . . . Fabricator Hacks . | . . . . . . . . . . . . . . . . . . . . Repair Station Hacks . | . . . . . . . . . . . . . . . . . . . . Recycling Unit Hacks 1 | . . . 1 . . . . . . . . . . . . . . . . Report Inventory 1 | . . . 1 . . . . . . . . . . . . . . . . Scanalyzer 9 | . . . 2 . 7 . . . . . . . . . . . . . . Insert Component 4 | . . . 1 . 3 . . . . . . . . . . . . . . Analyze 5 | . . . 1 . 4 . . . . . . . . . . . . . . Garrison Access Hacks . | . . . . . . . . . . . . . . . . . . . . Unauthorized Hacks 7 | . 2 . 2 . . . . . . . . . . . . . 1 1 1 Terminals 4 | . . . 1 . . . . . . . . . . . . . 1 1 1 Track 1 | . . . . . . . . . . . . . . . . . . 1 . Assimilate 1 | . . . . . . . . . . . . . . . . . 1 . . Botnet 1 | . . . 1 . . . . . . . . . . . . . . . . Sabotage 1 | . . . . . . . . . . . . . . . . . . . 1 Fabricators . | . . . . . . . . . . . . . . . . . . . . Repair Stations 1 | . 1 . . . . . . . . . . . . . . . . . . Mechanics 1 | . 1 . . . . . . . . . . . . . . . . . . Recycling Units 2 | . 1 . 1 . . . . . . . . . . . . . . . . Monitor 2 | . 1 . 1 . . . . . . . . . . . . . . . . Scanalyzers . | . . . . . . . . . . . . . . . . . . . . Garrison Access . | . . . . . . . . . . . . . . . . . . . . Data Cores Recovered 1 | . . . 1 . . . . . . . . . . . . . . . . Used . | . . . . . . . . . . . . . . . . . . . . Hacking Detections 23 | . 4 . 7 2 2 . . . . . . . . . . 2 2 3 1 Full Trace Events . | . . . . . . . . . . . . . . . . . . . . Feedback Events . | . . . . . . . . . . . . . . . . . . . . Feedback Blocked . | . . . . . . . . . . . . . . . . . . . . Robot Schematics Acquired . | . . . . . . . . . . . . . . . . . . . . Robots Built . | . . . . . . . . . . . . . . . . . . . . Authchips . | . . . . . . . . . . . . . . . . . . . . Time . | . . . . . . . . . . . . . . . . . . . . Total Robot Build Rating . | . . . . . . . . . . . . . . . . . . . . Part Schematics Acquired 9 | . 1 . 1 . 3 . . . 4 . . . . . . . . . . Parts Built . | . . . . . . . . . . . . . . . . . . . . Authchips . | . . . . . . . . . . . . . . . . . . . . Time . | . . . . . . . . . . . . . . . . . . . . Total Part Build Rating . | . . . . . . . . . . . . . . . . . . . . Parts Repaired . | . . . . . . . . . . . . . . . . . . . . Time . | . . . . . . . . . . . . . . . . . . . . Parts Recycled . | . . . . . . . . . . . . . . . . . . . . Recycled Matter . | . . . . . . . . . . . . . . . . . . . . Retrieved Matter . | . . . . . . . . . . . . . . . . . . . . Retrieved Components . | . . . . . . . . . . . . . . . . . . . . Parts Scanalyzed 4 | . . . 1 . 3 . . . . . . . . . . . . . . Part Schematics Acquired 4 | . . . 1 . 3 . . . . . . . . . . . . . . Parts Damaged 1 | . . . . . 1 . . . . . . . . . . . . . . Bothacking | -11 -10 -10 -8 -7 -6 -5 -5 -5 -5 -4 -4 -4 -4 -4 -3 -3 -2 -1 -1 ------------ Run | Yrd Mat Sub Mat Fac Fac Fac Upp Upp Zhi Pro Fac Upp Upp War Pro Res Res Acc Com Used RIF Installer . | . . . . . . . . . . . . . . . . . . . . Robots Hacked . | . . . . . . . . . . . . . . . . . . . . Non-combat . | . . . . . . . . . . . . . . . . . . . . Combat . | . . . . . . . . . . . . . . . . . . . . Robot Hacks Applied . | . . . . . . . . . . . . . . . . . . . . Relay Couplers Released . | . . . . . . . . . . . . . . . . . . . . Fabnet Peak Effective % . | . . . . . . . . . . . . . . . . . . . . Robots Rewired . | . . . . . . . . . . . . . . . . . . . . Allies Hacked . | . . . . . . . . . . . . . . . . . . . . Hacks Repelled . | . . . . . . . . . . . . . . . . . . . . Allies | -11 -10 -10 -8 -7 -6 -5 -5 -5 -5 -4 -4 -4 -4 -4 -3 -3 -2 -1 -1 -------- Run | Yrd Mat Sub Mat Fac Fac Fac Upp Upp Zhi Pro Fac Upp Upp War Pro Res Res Acc Com Total Allies . | . . . . . . . . . . . . . . . . . . . . Largest Group . | . . . . . . . . . . . . . . . . . . . . Highest-Rated Group . | . . . . . . . . . . . . . . . . . . . . Highest-Rated Ally . | . . . . . . . . . . . . . . . . . . . . Total Orders . | . . . . . . . . . . . . . . . . . . . . Ally Attacks . | . . . . . . . . . . . . . . . . . . . . Total Damage . | . . . . . . . . . . . . . . . . . . . . Kills . | . . . . . . . . . . . . . . . . . . . . Allies Corrupted . | . . . . . . . . . . . . . . . . . . . . Allies Melted 1 | . . . . . . . . . . . . . . . . . 1 . . Intel | -11 -10 -10 -8 -7 -6 -5 -5 -5 -5 -4 -4 -4 -4 -4 -3 -3 -2 -1 -1 ------- Run | Yrd Mat Sub Mat Fac Fac Fac Upp Upp Zhi Pro Fac Upp Upp War Pro Res Res Acc Com Robot Analysis Total 7 | . 1 . 2 . . . . . 4 . . . . . . . . . . Derelict Logs Recovered 6 | . . . . . . . 1 3 . . . 1 1 . . . . . . Drone Launches . | . . . . . . . . . . . . . . . . . . . . Drone Recoveries . | . . . . . . . . . . . . . . . . . . . . Exploration | -11 -10 -10 -8 -7 -6 -5 -5 -5 -5 -4 -4 -4 -4 -4 -3 -3 -2 -1 -1 ------------- Run | Yrd Mat Sub Mat Fac Fac Fac Upp Upp Zhi Pro Fac Upp Upp War Pro Res Res Acc Com Turns Passed 16506 | 98 1818 823 2119 1500 1714 125 1245 830 451 1592 333 602 325 493 328 568 774 675 93 Spaces Moved 13693 | 63 1083 642 1182 801 699 66 734 417 215 1089 225 459 270 669 394 874 2078 1551 182 Core 1116 | 38 . . . . . . 152 . . . . . 73 340 179 11 . 141 182 Treads 1887 | . . . 864 801 222 . . . . . . . . . . . . . . Legs 5887 | 25 1083 642 318 . 477 66 582 417 215 1089 225 459 197 92 . . . . . Wheels . | . . . . . . . . . . . . . . . . . . . . Hover 567 | . . . . . . . . . . . . . . 237 215 115 . . . Flight 4236 | . . . . . . . . . . . . . . . . 748 2078 1410 . Fastest Speed 27 | 50 120 120 120 160 160 190 50 190 120 120 120 120 50 50 50 31 27 27 50 Average Speed 102 | 133 130 121 150 160 220 190 156 190 187 122 121 120 102 72 73 36 28 29 50 Slowest Speed 330 | 250 190 190 190 160 330 190 260 190 260 190 260 120 260 200 240 200 115 200 50 Overloaded Moves . | . . . . . . . . . . . . . . . . . . . . Propulsion Burnouts . | . . . . . . . . . . . . . . . . . . . . Robots Hopped 10 | . . . . . . . . . . . . . . . . 2 8 . . Cave-ins Triggered . | . . . . . . . . . . . . . . . . . . . . Exploration Rate (%) 43 | 4 97 34 69 11 14 3 67 70 62 80 5 60 44 87 62 15 34 40 11 Regions Visited 19 Branch Regions 10 Pre-discovered Areas 3 | . . . . . . . . . 3 . . . . . . . . . . Known Exits Taken 4 | . . . . . . . . . . . . . 1 . 1 . 1 1 . Unknown Exits Taken 15 | 1 1 1 1 1 1 1 1 1 1 1 1 1 . 1 . 1 . . . Scrap Searched 18 | . . 5 . . . . . 3 . 3 . 1 2 . 4 . . . . Spaces Dug 41 | . . . . . . . . . . . 1 . . . . 6 6 28 . Terrain Destroyed 857 | . . 111 8 2 9 . 59 106 . 386 2 3 10 . 119 8 6 28 . Melee 41 | . . . . . . . . . . . 1 . . . . 6 6 28 . Projectile 31 | . . . . 2 9 . 2 . . 1 1 3 10 . 1 2 . . . AOE 785 | . . 111 8 . . . 57 106 . 385 . . . . 118 . . . . Terrain Rammed . | . . . . . . . . . . . . . . . . . . . . Walls Destroyed . | . . . . . . . . . . . . . . . . . . . . Machines Disabled . | . . . . . . . . . . . . . . . . . . . . Actions | -11 -10 -10 -8 -7 -6 -5 -5 -5 -5 -4 -4 -4 -4 -4 -3 -3 -2 -1 -1 --------- Run | Yrd Mat Sub Mat Fac Fac Fac Upp Upp Zhi Pro Fac Upp Upp War Pro Res Res Acc Com Total 15524 | 76 1356 665 1465 952 823 66 809 435 264 1312 271 486 289 676 417 1070 2219 1690 183 Wait 1054 | . 161 1 177 73 49 . 34 . 26 194 23 . 3 . . 145 94 74 . Move 13657 | 62 1082 641 1181 800 698 65 733 416 214 1088 224 458 269 668 393 869 2064 1550 182 Hop 7 | . . . . . . . . . . . . . . . . 2 5 . . Pick Up 102 | 9 14 3 12 9 13 . 17 3 3 4 4 2 . . . 3 5 1 . Fast Attach 122 | 3 5 1 16 9 9 . 9 2 9 2 10 2 . 4 5 14 18 3 1 Attach 49 | 2 4 . 6 1 8 . 4 2 1 3 4 1 3 2 3 2 2 1 . Detach 19 | . . . 1 2 6 . 1 . 1 . . . . 1 3 1 2 1 . Swap 24 | . 5 5 3 2 2 1 2 . . . . 2 . . . . 2 . . Drop 97 | . 16 3 22 9 11 . 2 1 10 1 1 2 1 1 1 1 13 2 . Fire 292 | . 68 11 46 47 26 . 7 8 . 20 3 19 13 . 11 12 1 . . Melee 74 | . . . . . . . . 3 . . 2 . . . 1 20 13 35 . Ram 1 | . . . . . . . . . . . . . . . . 1 . . . Kick 2 | . 1 . . . 1 . . . . . . . . . . . . . . Crush 1 | . . . 1 . . . . . . . . . . . . . . . . Escape Stasis 23 | . . . . . . . . . . . . . . . . . . 23 . Rewire . | . . . . . . . . . . . . . . . . . . . . Trap . | . . . . . . . . . . . . . . . . . . . . Miscellaneous . | . . . . . . . . . . . . . . . . . . . . Route ------- -11/Scrapyard -10/Materials (discovered 4 exits: [*Mat x2] / [*Min] / [*Sub]) -10/Subcaves -8/Materials (discovered 2 exits: *Fac x2) -7/Factory (discovered 2 exits: *Fac / [*Sto]) -6/Factory -5/Factory -5/Upper Caves -5/Upper Caves (discovered 2 exits: *Fac / *Zhi) -5/Zhirov -4/Proximity Caves -4/Factory (discovered 2 exits: Res / [*Upp]) -4/Upper Caves -4/Upper Caves (discovered 2 exits: *Res / *War) -4/Warlord -3/Proximity Caves -3/Research (discovered 2 exits: *Res / Tes) -2/Research (discovered 2 exits: *Acc x2) -1/Access -1/Command History --------- Turn | Location | Event 19 | -11/Scrapyard | Discovered new exit (range 16) 99 | -11/Scrapyard | Entered Materials 323 | -10/Materials | Build established: Mutant 392 | -10/Materials | Discovered new exit (range 6) 705 | -10/Materials | Discovered new exit (range 16) 1134 | -10/Materials | Discovered new exit (range 16) 1602 | -10/Materials | Build established: Scavenger-Mutant 1910 | -10/Materials | Discovered new exit (range 5) 1917 | -10/Materials | Entered Subcaves 2066 | -10/Subcaves | Shifting Twisted Machinery released Hvy. Riot Gun 2207 | -10/Subcaves | Build established: Mutant 2325 | -10/Subcaves | Shifting Twisted Machinery released Riot Gun 2335 | -10/Subcaves | A swath of the cavern ceiling suddenly collapsed 2411 | -10/Subcaves | Shifting Twisted Machinery released Sub. Laser 2430 | -10/Subcaves | A swath of the cavern ceiling suddenly collapsed 2541 | -10/Subcaves | Disturbed a concealed Subdweller 2609 | -10/Subcaves | Discovered new exit (range 8) 2734 | -10/Subcaves | Lost 3 parts (1p1u1w) 2740 | -10/Subcaves | Entered Materials 2740 | -8/Materials | Evolved 4 slots: Propulsion x2, Utility x2 3097 | -8/Materials | Build established: Scavenger-Mutant 3385 | -8/Materials | Discovered new exit (range 6) 3540 | -8/Materials | Build established: Mutant 4705 | -8/Materials | Discovered new exit (range 20) 4859 | -8/Materials | Entered Factory 4859 | -7/Factory | Evolved 2 slots: Utility x1, Weapon x1 4907 | -7/Factory | Discovered new exit (range 10) 4994 | -7/Factory | Discovered new exit (range 20) 5143 | -7/Factory | Build established: Tank 5470 | -7/Factory | Build established: Gunner 6199 | -7/Factory | Garrison activated, responded to threat 6359 | -7/Factory | Entered another Factory area 6359 | -6/Factory | Evolved 2 slots: Utility x2 6667 | -6/Factory | Build established: Tank 6770 | -6/Factory | Lost 3 parts (1p1n1w) 6963 | -6/Factory | Lost 3 parts (1n2u) 7315 | -6/Factory | Found Prototype Launcher 7316 | -6/Factory | Identified Scatter Rocket Array 7708 | -6/Factory | Discovered new exit (range 4) 8073 | -6/Factory | Entered another Factory area 8073 | -5/Factory | Spotted B-75 Beast 8073 | -5/Factory | Evolved 2 slots: Utility x2 8180 | -5/Factory | Discovered new exit (range 8) 8198 | -5/Factory | Entered Upper Caves 8199 | -5/Upper Caves | Encountered a Warlord checkpoint 8214 | -5/Upper Caves | Learned Factory garrison access intel 8332 | -5/Upper Caves | Build established: Mutant 8553 | -5/Upper Caves | Released all parts (11) 9023 | -5/Upper Caves | Attacked by a faux Warlord 9059 | -5/Upper Caves | Destroyed 7 combat bots 9428 | -5/Upper Caves | Discovered new exit (range 8) 9443 | -5/Upper Caves | Entered another Upper Caves area 9449 | -5/Upper Caves | Discovered new exit (range 16) 9716 | -5/Upper Caves | Learned location of 1 exit from Factory 9756 | -5/Upper Caves | Attracted the attention of an 0b10 checkpoint 10068 | -5/Upper Caves | Learned Factory terminal intel 10071 | -5/Upper Caves | Learned Factory interactive machine intel 10251 | -5/Upper Caves | Discovered new exit (range 14) 10273 | -5/Upper Caves | Entered Zhirov 10273 | -5/Zhirov | Discovered new exit (range 3) 10308 | -5/Zhirov | Met Zhirov 10344 | -5/Zhirov | Learned location of Quarantine (-2) 10344 | -5/Zhirov | Learned location of Testing (-3) 10344 | -5/Zhirov | Learned location of Command (-1) 10382 | -5/Zhirov | Zhirov requested help retrieving the SGEMP Prototype 10434 | -5/Zhirov | Found Alien Artifact 10434 | -5/Zhirov | Identified Integrated Reactor 10434 | -5/Zhirov | Installed Integrated Reactor, increased core energy generation (+10) 10466 | -5/Zhirov | Found Alien Artifact 10724 | -5/Zhirov | Entered Proximity Caves 10756 | -4/Proximity Caves | Attracted the attention of an 0b10 checkpoint 11205 | -4/Proximity Caves | Build established: Derelict-Mutant 11620 | -4/Proximity Caves | Lost 3 parts (2u1w) 11714 | -4/Proximity Caves | Spotted B-86 Titan 12313 | -4/Proximity Caves | Discovered new exit (range 3) 12316 | -4/Proximity Caves | Entered Factory 12316 | -4/Factory | Evolved 2 slots: Power x1, Utility x1 12317 | -4/Factory | Identified exit to Research 12318 | -4/Factory | Loaded intel: 52 interactive machine locations 12319 | -4/Factory | Loaded intel: 26 terminal locations 12320 | -4/Factory | Loaded intel: 4 garrison access locations 12561 | -4/Factory | Discovered new exit (range 15) 12649 | -4/Factory | Entered Upper Caves 12662 | -4/Upper Caves | Build established: Hacker-Mutant 12827 | -4/Upper Caves | Learned 12 Research zone layouts 13136 | -4/Upper Caves | Encountered a Warlord checkpoint 13167 | -4/Upper Caves | Discovered new exit (range 15) 13182 | -4/Upper Caves | Attracted the attention of an 0b10 checkpoint 13226 | -4/Upper Caves | Build established: Hacker-Gunner 13251 | -4/Upper Caves | Entered another Upper Caves area 13255 | -4/Upper Caves | Discovered exit to Research (range 11) 13381 | -4/Upper Caves | Identified exit to Warlord 13439 | -4/Upper Caves | Attracted the attention of an 0b10 outpost 13567 | -4/Upper Caves | Core integrity fell below 50% 13571 | -4/Upper Caves | Lost 15 parts (2p5n5u3w) 13576 | -4/Upper Caves | Entered Warlord 13593 | -4/Warlord | Discovered new exit (range 14) 13624 | -4/Warlord | System corruption cleaned by Quarantine Array 13669 | -4/Warlord | Warlord's base attacked by MAIN.C 13678 | -4/Warlord | Found Prototype Launcher 13678 | -4/Warlord | Identified Vortex Catalyst Activator 13709 | -4/Warlord | Met Warlord 13778 | -4/Warlord | Build established: Hacker-Mutant 13943 | -4/Warlord | Lost 6 allies 14019 | -4/Warlord | Warlord forces counterattacked 14043 | -4/Warlord | Opened side exit 14057 | -4/Warlord | Spotted Executioner 14069 | -4/Warlord | Entered Proximity Caves 14099 | -3/Proximity Caves | Lost 10 parts (2p3n3u2w) 14369 | -3/Proximity Caves | Attracted the attention of an 0b10 checkpoint 14385 | -3/Proximity Caves | Discovered exit to Research (range 18) 14397 | -3/Proximity Caves | Entered Research 14397 | -3/Research | Evolved 2 slots: Utility x2 14398 | -3/Research | Identified exit to Testing 14412 | -3/Research | Lost 3 parts (1n1u1w) 14504 | -3/Research | Spotted B-86 Titan 14604 | -3/Research | Lost 5 parts (1n2u2w) 14959 | -3/Research | Discovered new exit (range 19) 14965 | -3/Research | Entered another Research area 14965 | -2/Research | Warlord forces began assault on 0b10 14965 | -2/Research | Evolved 2 slots: Utility x2 14997 | -2/Research | Build established: Scavenger-Sprinter 15075 | -2/Research | Research machine network offline 15092 | -2/Research | Spotted B-90 Cyclops 15279 | -2/Research | Discovered new exit (range 8) 15330 | -2/Research | Discovered new exit (range 8) 15333 | -2/Research | Identified exit to Access 15373 | -2/Research | Borebot progress halted 15455 | -2/Research | Found Prototype Processor 15455 | -2/Research | Identified Exp. Core Analyzer 15629 | -2/Research | Spotted Striker 15658 | -2/Research | Build established: Wizard-Sprinter 15675 | -2/Research | Borebot progress halted 15689 | -2/Research | Spotted Striker 15704 | -2/Research | Spotted Striker 15739 | -2/Research | Entered Access 15739 | -1/Access | Evolved 2 slots: Utility x2 15881 | -1/Access | Lost 3 allies 15997 | -1/Access | Build established: Wizard-Ninja 16137 | -1/Access | Lost 4 parts (4u) 16249 | -1/Access | Lost 5 parts (2p1n2u) 16312 | -1/Access | Spotted B-99 Colossus 16316 | -1/Access | Spotted B-99 Colossus 16360 | -1/Access | Core integrity fell below 50% 16379 | -1/Access | Lost 9 parts (3n5u1w) 16404 | -1/Access | Discovered new exit (range 7) 16406 | -1/Access | Identified exit to Command 16414 | -1/Access | Entered Command 16465 | -1/Command | Core integrity fell below 20% 16469 | -1/Command | System corruption reached 10% 16507 | -1/Command | Destroyed by S-43 Plague with Heavy Machine Gun Last Messages --------------- LOCATION=COMMAND GOAL=ESCAPE 16414_ ALERT: Rogue bot within command proximity. Terminate immediately. 16420_ Connecting with Terminal... 16433_ System corrupted: Matter fused (-8). 16440_ K-01 Serf cleans the Quantum Router. 16461_ System corrupted: Energy discharge (-21). 16464_ ALERT: Hostiles spotted, dispatching reinforcements to Terminal C022. 16476_ Connecting with Cave Seal Controls... 16479_ FDOQIOU8%PZOBOX |WWPSSRCZ04%MC5WR 16495_ System corrupted: Heat flow error (+131). 16501_ Connecting with Terminal... >>Force(Sabotage) SYSTEM_VULNERABLE[Phase Generator] NETWORK_OVERLOAD_FAIL 16501_ ALERT: Suspicious activity at Terminal C021. Dispatching Investigation squad. 16506_ Acquired Enh. Quantum Rifle. Map ----- +----------------------------------------------------+ | | | | | | | | | | | | | | | | | | | ??????????????????????????????? | | ??????????????????????????????? | | ??????????????????????????????? | | ??????????????????????????????? | | ??????????????????????????????? | | ??????????????????????????????? | | ??????????????????????????????? | | ??????????????????????????????? | | ??????????????????????????????? | | ??????????????????????????????? | | ??????????????????????????????? | | ??????????????????????????????? | | ???????????????????#########??? | | ???????????????????#"""T"""#??? | | ?????????????????###""" """###? | | ?????????????????# #? | | ?????????????????# @ #? | | ?????????????????# #? | | ?????????????????# ! #? | | ?????????????????# s ! #? | | ???? ######s######? | | ???? s #??? | | ???? ######s #??? | | ??????????????????????# #??? | | ???????????????######## #??? | | ???????????????? ?# ####??? | | ???????????????? ?# #?????? | | ????????????????? ??# #?????? | | ??#?????????????? ??# #?????? | | ??# ##+###########+#### #?????? | | ??# #?????? | | ??# ######?????? | | ??# ^ ########???? | | ??# # #???? | | ??# # """ #???? | | # T""" #???? | | ### ######### # """" #???? | | ????????????# # """ #???? | | ????????????# # #???? | | ????????????# ####+###???? | | ????????????# #??# #?????? | +----------------------------------------------------+ Best States ------------- Heat Dissipation 70 Energy Generation 41 Energy Capacity 265 Matter Stores 300 Matter Capacity 300 Sight Range 21 Robot Scan Range 16 Terrain Scan Range 20 Terrain Scan Density 260 Jamming Range 16 Corruption Block 10 Armor Coverage 1200 Resistance: KI 20 Core Shielding 20 Weapon Shielding 66 Weapon Cycling 15 Evasion (%) 64 Targeting Accuracy 10 Melee Accuracy 12 Recoil Reduction 4 Matter Filtering 50 Particle Charging 15 Kinecelleration 40 Offensive Hacking 43 Defensive Hacking 36 Item Schematics ----------------- Lrg. Storage Unit | -10/Materials | Hacked Mak. Hacking Suite | -8/Materials | Scanalyzed Med. Treads | -6/Factory | Scanalyzed Arm. Leg | -6/Factory | Scanalyzed Hrd. Heavy Armor Plating | -6/Factory | Scanalyzed Assault Drone Bay | -5/Zhirov | Free Exp. Heat Sink | -5/Zhirov | Free Exp. Optical Array | -5/Zhirov | Free Imp. Arc Thrower | -5/Zhirov | Free Robot Schematics ------------------ None Fabricated ------------ Nothing Alien Tech Used ----------------- Integrated Reactor Achievements -------------- None Challenges ------------ None Game ------ Seed TerrainCouplerCharge Manual? 0 Play Time 02:44:03 Cumulative 57.6 hours Start 2025.03.04 @ 18:41:52 End 2025.03.06 @ 13:39:38 Sessions 9 Manual Loads 0 Difficulty Rogue Special Mode None Game No. 57 Rogue 57 Adventurer 0 Explorer 0 Win Type - Total 1 Types 1/0/0/0/0/0/0/0/0 Lore% 29 Gallery% 41 Achievement% 38 Wizard Run 0 Options --------- Layout 1 ASCII 0 Keyboard 1 Movement Numpad Keybinds 0 Fullscreen 1 Font 24/Smallcaps Map View 50x35 Zoom Use 0% Tactical HUD 1 Map Filters NONE Filters NONE Steam 1 RUN: 0a17f7cc-4625-44eb-a639-5d18d724eb4a